 Seeded DCSS version 0.30.1-4-g462c640d31 (webtiles) character file.

Game seed: 6351066067085065685 (custom seed)

241410 Esekla the Sorcerer (level 18, 0/111 HPs)
             Began as a Deep Elf Necromancer on Aug 29, 2023.
             Was the Champion of Vehumet.
             Slain by an ironbound thunderhulk
             ... wielding a +0 dire flail
              (2 damage)
             ... on level 2 of the Vaults on Aug 30, 2023.
             The game lasted 05:17:25 (32207 turns).

Esekla the Sorcerer (Deep Elf Necromancer)         Turns: 32207, Time: 05:17:26

Health: 0/111      AC: 21    Str:  6      XL:     18   Next: 64%
Magic:  22/46      EV: 13    Int: 35      God:    Vehumet [******]
Gold:   180        SH:  5    Dex: 14 (15) Spells: 5/62 levels left

rFire   + . .        a - +8 scimitar (flame)
rCold   . . .        V - +0 buckler
rNeg    + . .        l - +1 ring mail "Uronn" {rF+ Regen+ Int+3}
rPois   +            M - +2 helmet {Int+3}
rElec   +            W - +2 cloak {Stlth+}
rCorr   .            S - +0 pair of gloves
SInv    .            Z - +1 pair of boots of Piysunuo {Str+3}
Will    +....        x - amulet of magic regeneration
Stlth   ++++         Y - ring of Greed {rElec rPois rN+ AC+4 Str-2}
HPRegen 1.18/turn    P - ring of the Mage {Wiz Archmagi}
MPRegen 0.70/turn

%: wizardry (x1), archmagi
@: wereblooded, very slightly contaminated, slowed, very slow
A: no striking features
}: 2/15 runes: barnacled, gossamer
a: Renounce Religion


You were on level 2 of the Vaults.
You worshipped Vehumet.
Vehumet was exalted by your worship.
You visited 6 branches of the dungeon, and saw 30 of its levels.
You visited 1 bazaar.
You also visited: Trove and Bailey.

You collected 4044 gold pieces.
You spent 3864 gold pieces at shops.

Inventory:

Hand Weapons
 a - a +8 scimitar of flaming (weapon)
 g - a +4 long sword of protection
 r - a +4 trident of venom
 s - the +8 Vampire's Tooth {megavamp}
   (You bought it in a shop in a bazaar)
 w - a +2 demon blade of electrocution
Missiles
 j - 27 boomerangs (quivered)
 K - 7 curare-tipped darts
 N - 77 poisoned darts
Armour
 l - the +1 ring mail "Uronn" (worn) {rF+ Regen+ Int+3}
   (You found it on level 4 of the Shoals)

   Int:       It affects your intelligence (+3).
   rF:        It protects you from fire.
   Regen:     It increases your rate of health regeneration.
 M - a +2 helmet of intelligence (worn)
 S - a +0 pair of gloves (worn)
 T - the +1 animal skin "Kougi" {rPois rF++ MP+9}
   (You found it on level 2 of the Shoals)

   rF:        It greatly protects you from fire.
   rPois:     It protects you from poison.
   MP:        It affects your magic capacity (+9).
 V - a +0 buckler (worn)
 W - a +2 cloak of stealth (worn)
 X - a +2 robe of cold resistance
 Z - the +1 pair of boots of Piysunuo (worn) {Str+3}
   (You found it on level 1 of the Spider Nest)

   Str:       It affects your strength (+3).
Magical Staves
 d - a staff of death
Jewellery
 c - the ring "Pileq" {Ice Str+4 Dex+3 Slay+2}
   (You found it on level 4 of the Shoals)

   [ring of ice]

   It enhances your ice magic.
   Str:       It affects your strength (+4).
   Dex:       It affects your dexterity (+3).
   Slay:      It affects your accuracy & damage with ranged weapons and melee
   (+2).
   rF:        It makes you vulnerable to fire.
   rC:        It protects you from cold.
 n - the ring "Jeshroloi" {rF+ rC+ rCorr Dex+4}
   (You acquired it on level 3 of the Lair of Beasts)

   [ring of resist corrosion]

   Dex:       It affects your dexterity (+4).
   rF:        It protects you from fire.
   rC:        It protects you from cold.
   rCorr:     It protects you from acid and corrosion.
 x - an amulet of magic regeneration (around neck)
 C - an amulet of reflection
 H - the ring of Akemeir {Fire Str+4}
   (You found it in a treasure trove)

   [ring of fire]

   It enhances your fire magic.
   Str:       It affects your strength (+4).
   rF:        It protects you from fire.
   rC:        It makes you vulnerable to cold.
 J - the ring of Descent {rPois rC+ Int+5 Stlth-}
   (You found it in a treasure trove)

   [ring of protection from cold]

   Int:       It affects your intelligence (+5).
   rC:        It protects you from cold.
   rPois:     It protects you from poison.
   Stlth:     It makes you less stealthy.
 P - the ring of the Mage (right hand) {Wiz Archmagi}
   (You bought it in a shop on level 2 of the Dungeon)

   [ring of wizardry]

   It improves your spell success rate.
   Archmagi:  It increases the power of your magical spells.
 Q - the ring of Merex {Wiz Str+5 Dex+3 SInv}
   (You acquired it on level 3 of the Lair of Beasts)

   [ring of wizardry]

   It improves your spell success rate.
   Str:       It affects your strength (+5).
   Dex:       It affects your dexterity (+3).
   SInv:      It lets you see invisible.
 Y - the ring of Greed (left hand) {rElec rPois rN+ AC+4 Str-2}
   (You bought it in a shop on level 2 of the Dungeon)

   [ring of protection]

   AC:        It affects your AC (+4).
   Str:       It affects your strength (-2).
   rElec:     It insulates you from electricity.
   rPois:     It protects you from poison.
   rN:        It protects you from negative energy.
Wands
 p - a wand of roots (45)
 A - a wand of flame (30)
 D - a wand of quicksilver (16)
 F - a wand of mindburst (9)
 U - a wand of digging (16)
Scrolls
 o - 2 scrolls of silence
 q - 3 scrolls of blinking
 t - 5 scrolls of fog
 v - 4 scrolls of identify
 y - 2 scrolls of magic mapping
 B - 4 scrolls of fear
 E - 3 scrolls of poison
 G - 15 scrolls of teleportation
Potions
 b - 6 potions of magic
 e - 8 potions of attraction
 h - 10 potions of haste
 i - 7 potions of curing
 k - 4 potions of flight
 m - 3 potions of heal wounds
 u - 6 potions of brilliance
 z - 7 potions of ambrosia
 I - 3 potions of might
 O - 2 potions of resistance
 R - 3 potions of cancellation
Miscellaneous
 f - a lightning rod (4/4)


   Skills:
 - Level 11.6 Fighting
 + Level 4.4(5.9) Short Blades
 + Level 5.4(6.1) Long Blades
 + Level 2.9 Throwing
 + Level 5.7 Armour
 * Level 14.1 Dodging
 + Level 7.6 Stealth
 - Level 6.4 Shields
 * Level 22.5 Spellcasting
 + Level 7.6 Conjurations
 + Level 10.5 Necromancy
 + Level 4.1 Translocations
 + Level 6.6 Transmutations
 + Level 5.7 Fire Magic
 * Level 10.0 Ice Magic
 * Level 9.3 Air Magic
 * Level 10.4 Earth Magic
 - Level 8.5 Poison Magic


You had 5 spell levels left.
You knew the following spells:

 Your Spells              Type           Power      Damage    Failure   Level
a - Shock                 Conj/Air       100%       1d9       1%          1
c - Mephitic Cloud        Conj/Pois/Air  99%        N/A       1%          3
d - Vampiric Draining     Necr           100%       2d13      1%          3
e - Conjure Ball Lightni  Conj/Air       49%        3x3d17    2%          6
f - Fireball              Conj/Fire      46%        3d18      1%          5
g - Ozocubu's Refrigerat  Ice            52%        4d19      6%          7
i - Irradiate             Conj/Tmut      47%        3d27      1%          5
k - Airstrike             Air            51%        2d(8-24)  1%          4
n - Ignite Poison         Fire/Tmut/Pois 93%        N/A       1%          3
t - Teleport Other        Tloc           80%        N/A       1%          3
v - Poisonous Vapours     Pois/Air       100%       N/A       1%          2
w - Wereblood             Tmut           91%        N/A       1%          2
x - Olgreb's Toxic Radia  Pois           99%        N/A       1%          4
y - Sticky Flame          Conj/Fire      92%        2d10      1%          4
z - Freezing Cloud        Conj/Ice/Air   50%        6-21      1%          5

Your spell library contained the following spells:

 Spells                   Type           Power      Damage    Failure   Level
 Foxfire                  Conj/Fire      100%       2x1d9     1%          1
 Necrotise                Necr           100%       1d9       1%          1
 Sandblast                Erth           100%       2d20      1%          1
 Sting                    Tmut/Pois      100%       1d8       1%          1
 Cigotuvi's Dreadful Rot  Necr/Pois/Air  100%       N/A       1%          2
 Lesser Beckoning         Tloc           100%       N/A       1%          2
 Sublimation of Blood     Necr           100%       N/A       1%          2
 Gell's Gravitas          Tloc           80%        N/A       1%          3
 Hailstorm                Conj/Ice       100%       3d20      1%          3
 Inner Flame              Hex/Fire       73%        N/A       1%          3
 Portal Projectile        Hex/Tloc       100%       N/A       1%          3
 Spider Form              Tmut/Pois      95%        N/A       1%          3
 Swiftness                Air            100%       N/A       1%          3
 Vhi's Electric Charge    Tloc/Air       100%       N/A       1%          3
 Anguish                  Hex/Necr       42%        N/A       1%          4
 Animate Dead             Necr           100%       N/A       1%          4
 Dispel Undead            Necr           100%       3d31      1%          4
 Fulminant Prism          Conj/Hex       39%        3d18      1%          4
 Petrify                  Tmut/Erth      99%        N/A       1%          4
 Summon Ice Beast         Ice/Summ       84%        N/A       1%          4
 Agony                    Necr           100%       N/A       1%          5
 Arcjolt                  Conj/Air       49%        1d59      1%          5
 Manifold Assault         Tloc           80%        N/A       2%          4
 Passage of Golubria      Tloc           80%        N/A       2%          4
 Yara's Violent Unravell  Hex/Tmut       38%        3d15      3%          5
 Silence                  Hex/Air        41%        N/A       6%          5
 Cause Fear               Hex            28%        N/A       16%         4
 Summon Mana Viper        Hex/Summ       56%        N/A       38%         5
 Death Channel            Necr           53%        N/A       3%          6
 Plasma Beam              Fire/Air       47%        2x1d68    3%          6
 Starburst                Conj/Fire      46%        6d13      4%          6
 Orb of Destruction       Conj           48%        9d13      14%         7
 Dispersal                Tloc           40%        N/A       38%         6
 Maxwell's Capacitive Co  Air            51%        ∞         43%         8
 Lehudib's Crystal Spear  Conj/Erth      50%        10d12     47%         8
 Ignition                 Fire           43%        3d13      86%         8
 Enfeeble                 Hex            28%        N/A       100%        7
 Summon Hydra             Summ           28%        N/A       100%        7
 Disjunction              Tloc           40%        N/A       100%        8


Dungeon Overview and Level Annotations

Branches:
Dungeon (13/15)            Temple (0/1) D:6            Lair (5/5) D:11
 Shoals (4/4) Lair:2       Spider (4/4) Lair:3        Slime (0/5) Lair:5
    Orc (2/2) D:10            Elf (0/3) Orc:2        Vaults (2/5) D:13
  Crypt (0/3) Vaults:2     Bailey (visited)

Altars:
Dithmenos
Fedhas
Hepliaklqana
Nemelex Xobeh
Okawaru
Qazlal
Ru
Trog
Uskayaw
Vehumet
Zin
The Shining One
Jiyva

Shops:
D:2 =   D:4 (   D:11 *   Orc:2 **[:   Shoals:2 (   Shoals:3 !   Vaults:1 [

Portals:
Pandemonium: Orc:2

Annotations:
D:9 gargoyle


Message History

Strange energies crackle from the ironbound thunderhulk's apparatus.
The ironbound thunderhulk blinks!
Casting: Mephitic Cloud (safe; 1% risk of failure)
Confirm with . or Enter, or press ? or * to list all spells.
Aiming: Vampiric Draining (safe; 1% risk of failure)
Press: ? - help, Shift-Dir - straight line, f - vault warden, p - ironbound thunderhulk
Aim: a vault warden, wielding a +2 long sword of holy wrath, wearing a +0 chain mail and quivering poisoned darts (confused)
You feel a surge of power!
You draw life force from the vault warden!!
You feel life coursing into your body!
The vault warden seems less confused.
The vault warden hits you with a +2 long sword of holy wrath!
The ironbound thunderhulk is engulfed in noxious fumes.
The vault warden hits you with a +2 long sword of holy wrath!
Okay, then.
Casting: Vampiric Draining (safe; 1% risk of failure)
Confirm with . or Enter, or press ? or * to list all spells.
Aiming: Sticky Flame (safe; 1% risk of failure)
Press: ? - help, Shift-Dir - straight line, f/p - vault warden
Aim: a vault warden, wielding a +2 long sword of holy wrath, wearing a +0 chain mail and quivering poisoned darts (moderately wounded)
You feel a surge of power!
The sticky flame hits the vault warden!
The vault warden is moderately wounded.
The vault warden is covered in liquid flames!
The vault warden burns! x2
The vault warden hits you with a +2 long sword of holy wrath!
The ironbound thunderhulk hits you with a +0 dire flail!!
* * * LOW HITPOINT WARNING * * *
Casting: Sticky Flame (safe; 1% risk of failure)
Confirm with . or Enter, or press ? or * to list all spells.
Aiming: Vampiric Draining (safe; 1% risk of failure)
Press: ? - help, Shift-Dir - straight line, f/p - vault warden
Aim: a vault warden, wielding a +2 long sword of holy wrath, wearing a +0 chain mail and quivering poisoned darts (heavily wounded, covered in liquid flames)
You feel a surge of power!
You draw life force from the vault warden!
You feel life coursing into your body.
The vault warden burns!
The vault warden hits you with a +2 long sword of holy wrath!!
* * * LOW HITPOINT WARNING * * *
The vault warden hits you with a +2 long sword of holy wrath!
* * * LOW HITPOINT WARNING * * *
The ironbound thunderhulk hits you with a +0 dire flail.
You die...

########..#
#......#........#...
..........#
#......##########...
[.........# ######## ####
..=.......# #######
..........# #..#..#
..........## #..#†.#
..........##+##+##+###
..........#..☼....)..#
..........#.°☼†O@))○°+..
..........+.°○§..p)..#....
.........u###+##+##+## ###
..........##..#..# .#
..........##..#..# .#
..........######## ##
#'#########
#......#############
#......#...........#


You could see a vault warden (burning) and an ironbound thunderhulk.

Vanquished Creatures
  Mara (Spider:4)
  Rupert (Lair:4)
  2 krakens
  3 sphinxes (Shoals:4)
  Ilsuiw (Shoals:3)
  8 emperor scorpions
  4 ghost moths
  2 orc warlords
  3 ironbound thunderhulks
  4 ironbound preservers
  4 very ugly things
  A broodmother (Spider:3)
  2 war gargoyles (Vaults:2)
  A vampire knight (Vaults:2)
  Azrael (Orc:2)
  2 dire elephants
  A minotaur (Shoals:4)
  2 spark wasps
  An eidolon (Vaults:2)
  5 entropy weavers
  4 merfolk impalers
  4 fire dragons
  A great orb of eyes (Vaults:1)
  A yaktaur captain (Vaults:1)
  3 merfolk javelineers (Shoals:3)
  Harold (D:9)
  3 boulder beetles
  4 vault guards (D:13)
  4 ironbound frosthearts
  A demonspawn (Orc:2)
  3 hydras
  3 radroaches
  16 satyrs
  4 centaur warriors
  A catoblepas (Lair:5)
  3 jorogumos
  An alligator snapping turtle (Shoals:3)
  4 merfolk avatars
  4 two-headed ogres
  3 merfolk aquamancers (Shoals:4)
  A vampire mage (Vaults:2)
  2 orc high priests (Orc:2)
  2 pharaoh ants
  A skeletal warrior (D:13)
  A sun moth (Spider:1)
  Lodul (D:11)
  12 sea snakes
  4 skysharks
  10 orb spiders
  A glowing orange brain (Vaults:2)
  Pikel (D:6)
  A swamp dragon (Lair:5)
  11 deep trolls
  4 ironbound convokers
  2 deep elf pyromancers (D:13)
  3 steelbarb worms
  4 lindwurms
  29 harpies
  An oklob plant (Lair:5)
  4 wizards (Vaults:2)
  10 ugly things
  11 orc knights
  8 wolf spiders
  9 cyclopes
  9 orc sorcerers (Orc:2)
  3 moths of wrath
  Joseph (D:7)
  24 manticores
  24 fauns
  6 merfolk sirens
  2 black mambas
  A black mamba (shapeshifter) (D:13)
  7 water nymphs
  7 torpor snails
  A smoke demon (Orc:2)
  7 vault sentinels
  9 elephants (Lair:5)
  A gargoyle (D:11)
  3 demonic crawlers
  11 cane toads
  Psyche (D:11)
  3 rime drakes
  16 komodo dragons
  An unseen horror (D:13)
  A freezing wraith (Vaults:2)
  6 yaktaurs (Vaults:1)
  3 kobold demonologists
  A tengu conjurer (D:13)
  28 merfolk
  A red devil (Orc:2)
  A polar bear (D:11)
  7 trolls
  9 tarantellas
  3 tyrant leeches (Lair:5)
  3 wind drakes
  12 hornets
  5 blink frogs (Lair:1)
  11 jumping spiders
  12 slime creatures
  8 snapping turtles
  12 spriggans (Lair:3)
  4 centaur simulacra (D:11)
  32 yaks
  4 water elementals
  2 vampires
  7 culicivoras
  2 wraiths
  5 basilisks
  A chaos spawn (Orc:2)
  3 steam dragons
  5 wyverns
  A vampire mosquito (D:13)
  3 fire elementals (Orc:2)
  29 redbacks
  Menkaure (D:7)
  2 wargs (Orc:2)
  4 hell hounds (Orc:2)
  3 acid dragons
  6 ice beasts
  14 water moccasins
  2 swamp drakes (Lair:5)
  A sky beast (D:6)
  37 orc warriors
  2 black bears
  15 ogres
  2 centaurs
  12 wolves
  3 boggarts (Lair:3)
  A phantom (D:7)
  Blork the orc (D:6)
  6 kobold brigands
  4 gnoll sergeants
  An earth elemental (D:11)
  10 bullfrogs
  3 scorpions
  10 wights
  20 killer bees
  2 howler monkeys (D:10)
  An electric eel (D:11)
  2 quasits (D:8)
  6 hounds
  A jelly (D:6)
  Crazy Yiuf (D:7)
  24 orc priests
  2 gnoll boudas
  A sleepcap (D:5)
  7 iguanas
  13 orc wizards
  12 hell rats
  30 gnolls
  9 adders
  3 shadow imps (D:8)
  9 white imps
  4 ufetubi
  A worm (D:4)
  3 dart slugs
  80 orcs
  6 ball pythons
  4 endoplasms
  9 goblins
  7 hobgoblins
  A quokka (D:1)
  3 training dummies (Shoals:2)
  4 bats
  4 frilled lizards
  24 kobolds
  A rat (D:2)
  A tentacle (Shoals:3)
1043 creatures vanquished.

Vanquished Creatures (collateral kills)
  A killer bee (D:9)
1 creature vanquished.

Vanquished Creatures (others)
  A merfolk aquamancer (Shoals:2)
  An orc high priest (Orc:2)
  An orc priest (Orc:2)
  7 tentacles
10 creatures vanquished.

Grand Total: 1054 creatures vanquished

Notes
Turn   | Place    | Note
-------+----------+-------------------------------------------
     0 | D:1      | Esekla the Deep Elf Necromancer began the quest for the
                  | Orb.
     0 | D:1      | Reached XP level 1. HP: 10/10 MP: 6/6
   314 | D:4      | Found a radiant altar of Vehumet.
   325 | D:4      | Found an iron altar of Okawaru.
   336 | D:4      | Found a glowing silver altar of Zin.
   416 | D:4      | Became a worshipper of Vehumet
   551 | D:3      | Reached skill level 5 in Necromancy
   605 | D:3      | Reached XP level 2. HP: 15/15 MP: 8/8
   838 | D:3      | Identified the +5 rapier of the Hero {heavy, rN+ Dex+3}
   856 | D:2      | Found Renulab's Jewellery Shop.
   967 | D:2      | Noticed a black bear
  1215 | D:2      | Reached XP level 3. HP: 12/19 MP: 9/9
  1219 | D:2      | Learned a level 3 spell: Vampiric Draining
  1310 | D:3      | Found a stormy altar of Qazlal.
  1312 | D:3      | Found a bloodstained altar of Trog.
  1314 | D:3      | Found a hazy altar of Hepliaklqana.
  1323 | D:3      | Reached skill level 1 in Short Blades
  1323 | D:3      | Reached XP level 4. HP: 22/24 MP: 6/11
  1831 | D:1      | Reached * piety under Vehumet
  1831 | D:1      | Offered knowledge of Shock by Vehumet.
  1844 | D:1      | Learned a level 1 spell: Shock
  1938 | D:1      | Learned a level 3 spell: Teleport Other
  2181 | D:2      | Reached skill level 4 in Spellcasting
  2302 | D:2      | Reached XP level 5. HP: 28/28 MP: 6/13
  2351 | D:2      | Found a faded altar of an unknown god.
  2421 | D:2      | Killed a black bear
  2422 | D:2      | Reached skill level 5 in Spellcasting
  2422 | D:2      | Reached skill level 1 in Translocations
  2617 | D:4      | Found Ponaysk's Antique Weapon Boutique.
  2780 | D:4      | Found a glowing golden altar of the Shining One.
  2797 | D:4      | Reached XP level 6. HP: 29/32 MP: 8/15
  2835 | D:4      | Reached ** piety under Vehumet
  2835 | D:4      | Offered knowledge of Sandblast by Vehumet.
  2838 | D:4      | Learned a level 1 spell: Sandblast
  2907 | D:5      | Entered Level 5 of the Dungeon
  3021 | D:5      | Got the Parchment of the Lumpy Olives
  3036 | D:5      | Found a shadowy altar of Dithmenos.
  3225 | D:6      | Noticed an ice beast
  3597 | D:5      | Reached skill level 6 in Spellcasting
  3623 | D:5      | Reached XP level 7. HP: 36/36 MP: 18/18
  3936 | D:5      | Offered knowledge of Ignite Poison by Vehumet.
  3941 | D:5      | Learned a level 3 spell: Ignite Poison
  4074 | D:6      | Noticed Blork the orc
  4275 | D:6      | You fall into a shaft and drop 1 floor!
  4381 | D:6      | Reached *** piety under Vehumet
  4434 | D:7      | Found a runed translucent door.
  4435 | D:7      | Noticed Crazy Yiuf
  4441 | D:7      | Killed Crazy Yiuf
  4442 | D:7      | Reached skill level 1 in Transmutations
  4592 | D:7      | Reached skill level 1 in Fire Magic
  4647 | D:7      | Noticed a wyvern
  4651 | D:7      | Killed a wyvern
  4652 | D:7      | Reached skill level 7 in Spellcasting
  4652 | D:7      | Reached XP level 8. HP: 41/41 MP: 20/20
  4685 | D:7      | Noticed Menkaure
  4688 | D:7      | Killed Menkaure
  4689 | D:7      | Reached skill level 5 in Dodging
  4689 | D:7      | Reached skill level 1 in Poison Magic
  4816 | D:7      | Offered knowledge of Mephitic Cloud by Vehumet.
  4821 | D:7      | Learned a level 3 spell: Mephitic Cloud
  5113 | D:6      | Killed Blork the orc
  5114 | D:6      | Reached skill level 8 in Spellcasting
  5145 | D:6      | Reached skill level 5 in Stealth
  5145 | D:6      | Reached skill level 1 in Conjurations
  5145 | D:6      | Reached skill level 1 in Air Magic
  5159 | D:6      | Noticed Pikel
  5168 | D:6      | Killed Pikel
  5169 | D:6      | Reached XP level 9. HP: 45/45 MP: 23/23
  5174 | D:6      | Found a staircase to the Ecumenical Temple.
  5577 | D:6      | Found a blossoming altar of Fedhas.
  5723 | D:7      | Noticed Joseph
  5766 | D:7      | Killed Joseph
  5797 | D:7      | Reached skill level 9 in Spellcasting
  5886 | D:7      | Reached **** piety under Vehumet
  5887 | D:7      | Reached skill level 1 in Throwing
  6151 | D:8      | Found a hide-covered altar of Uskayaw.
  6190 | D:8      | Offered knowledge of Fulminant Prism by Vehumet.
  6271 | D:8      | Reached skill level 1 in Shields
  6294 | D:8      | Noticed a two-headed ogre
  6314 | D:8      | Killed a two-headed ogre
  6315 | D:8      | Reached skill level 10 in Spellcasting
  6315 | D:8      | Reached XP level 10. HP: 27/50 MP: 19/26
  6560 | D:8      | Learned a level 4 spell: Fulminant Prism
  6568 | D:8      | Found a transporter.
  6569 | D:8      | Found a transporter.
  6571 | D:8      | Found a transporter.
  6574 | D:8      | Found a transporter.
  6800 | D:8      | Reached ***** piety under Vehumet
  6812 | D:8      | Offered knowledge of Airstrike by Vehumet.
  6838 | D:8      | Learned a level 4 spell: Airstrike
  7219 | D:9      | Found a flagged portal.
  7244 | Bailey   | Entered a bailey
  7376 | Bailey   | Identified the +2 bardiche of Puhoisos {heavy, rElec
                  | Stlth+}
  7539 | Bailey   | Noticed an orc knight
  7539 | Bailey   | Noticed an orc knight
  7579 | Bailey   | Killed an orc knight
  7580 | Bailey   | Reached skill level 1 in Long Blades
  7585 | Bailey   | Killed an orc knight
  7882 | D:9      | Reached skill level 1 in Fighting
  7887 | D:9      | Reached skill level 11 in Spellcasting
  7897 | D:9      | Noticed a sun demon
  7977 | D:9      | Noticed a cyclops
  7991 | D:9      | Killed a cyclops
  8043 | D:9      | Noticed a cyclops
  8049 | D:9      | Killed a cyclops
  8050 | D:9      | Reached XP level 11. HP: 58/58 MP: 22/28
  8254 | D:9      | Noticed Harold
  8341 | D:9      | Found a sparkling altar of Nemelex Xobeh.
  8533 | D:9      | Noticed a two-headed ogre
  8542 | D:9      | Killed a two-headed ogre
  8636 | D:10     | Entered Level 10 of the Dungeon
  8931 | D:10     | Reached skill level 12 in Spellcasting
  9077 | D:10     | Reached skill level 5 in Conjurations
  9183 | D:10     | Found a staircase to the Orcish Mines.
  9204 | Orc:1    | Entered Level 1 of the Orcish Mines
  9207 | Orc:1    | Noticed an orc knight
  9222 | Orc:1    | Killed an orc knight
  9868 | D:2      | Bought the ring of the Mage {Wiz Archmagi} for 714 gold
                  | pieces
  9868 | D:2      | Found the ring of the Mage {Wiz Archmagi}
 10106 | D:10     | Offered knowledge of Iskenderun's Battlesphere by Vehumet.
 10230 | D:10     | Found a sacrificial altar of Ru.
 10446 | D:11     | Reached skill level 5 in Air Magic
 10447 | D:11     | Noticed Lodul
 10479 | D:11     | Reached skill level 13 in Spellcasting
 10522 | D:11     | Killed Lodul
 10525 | D:11     | Noticed Psyche
 10532 | D:11     | Noticed a two-headed ogre
 10534 | D:11     | Killed Psyche
 10542 | D:11     | Killed a two-headed ogre
 10685 | D:11     | Got Simple Magic
 10766 | D:11     | Found Fagafuf's Pet Rocks.
 10894 | D:11     | Reached skill level 1 in Armour
 10909 | D:11     | Reached XP level 12. HP: 66/66 MP: 31/31
 10973 | D:11     | Found a staircase to the Lair.
 11229 | D:11     | HP: 2/66 [earth elemental (17)]
 11675 | D:12     | Reached skill level 14 in Spellcasting
 11723 | D:12     | Found a portal to a secret trove of treasure.
 11784 | D:12     | Learned a level 5 spell: Freezing Cloud
 11787 | D:12     | Learned a level 2 spell: Poisonous Vapours
 12046 | D:12     | Learned a level 2 spell: Wereblood
 12438 | Trove    | Entered a treasure trove
 12447 | Trove    | Identified the ring of Akemeir {Fire Str+4}
 12458 | Trove    | Identified the ring of Descent {rPois rC+ Int+5 Stlth-}
 12671 | D:9      | Killed Harold
 12923 | Lair:1   | Entered Level 1 of the Lair of Beasts
 12986 | Lair:1   | Reached skill level 1 in Ice Magic
 13869 | Lair:2   | Found a transporter.
 13870 | Lair:2   | Found a transporter.
 13871 | Lair:2   | Noticed a boulder beetle
 13871 | Lair:2   | Noticed a boulder beetle
 13883 | Lair:2   | Killed a boulder beetle
 13885 | Lair:2   | Killed a boulder beetle
 13886 | Lair:2   | Reached skill level 1 in Earth Magic
 14039 | Lair:2   | Learned a level 5 spell: Fireball
 14216 | Lair:2   | Reached XP level 13. HP: 72/72 MP: 28/33
 14309 | Lair:2   | Found a staircase to the Shoals.
 14316 | Lair:2   | Reached skill level 5 in Fighting
 14316 | Lair:2   | Reached skill level 5 in Poison Magic
 14898 | D:2      | Bought the ring of Greed {rElec rPois rN+ AC+4 Str-2} for
                  | 758 gold pieces
 15186 | Lair:3   | Found a hole to the Spider Nest.
 15232 | Spider:1 | Entered Level 1 of the Spider Nest
 15260 | Spider:1 | Identified the +1 pair of boots of Piysunuo {Str+3}
 15372 | Lair:3   | Reached skill level 15 in Spellcasting
 15528 | Lair:3   | Reached skill level 10 in Dodging
 15560 | Lair:3   | Identified the +3 leather armour of Okawaru's Inspiration
                  | {Str+4}
 16296 | Lair:4   | Noticed Rupert
 16305 | Lair:4   | Killed Rupert
 16342 | Lair:4   | Learned a level 4 spell: Sticky Flame
 16953 | Lair:5   | Entered Level 5 of the Lair of Beasts
 17041 | Lair:5   | Reached skill level 16 in Spellcasting
 17175 | Lair:5   | Reached XP level 14. HP: 80/80 MP: 33/36
 17495 | Lair:5   | Found a viscous altar of Jiyva.
 17495 | Lair:5   | Found a staircase to the Slime Pits.
 17571 | Lair:5   | Reached skill level 5 in Ice Magic
 17666 | Lair:5   | Found a runed translucent door.
 17751 | Lair:5   | Reached skill level 5 in Earth Magic
 17756 | Lair:5   | Reached skill level 5 in Transmutations
 17758 | Lair:5   | Reached skill level 5 in Shields
 17979 | Lair:5   | Got Utragud's Papyrus of the Inquisitive Olives
 18448 | Orc:2    | Entered Level 2 of the Orcish Mines
 18637 | Orc:2    | Noticed an orc warlord
 18660 | Orc:2    | Killed an orc warlord
 18703 | Orc:2    | Found a staircase to the Elven Halls.
 18937 | Orc:2    | Reached skill level 5 in Armour
 19124 | Orc:2    | Found Roezostra's General Store.
 19128 | Orc:2    | Found Bamnuus's General Store.
 19233 | Orc:2    | Noticed Azrael
 19246 | Orc:2    | Killed Azrael
 19326 | Orc:2    | Reached skill level 17 in Spellcasting
 19437 | Orc:2    | Found Huzal's Antique Armour Boutique.
 19437 | Orc:2    | Found Jyohez's Book Shop.
 19440 | Orc:2    | Found a one-way gate leading to the halls of Pandemonium.
 19446 | Orc:2    | Bought a Young Poisoner's Handbook for 300 gold pieces
 19448 | Orc:2    | Bought a runed helmet for 270 gold pieces
 19466 | Orc:2    | Learned a level 4 spell: Olgreb's Toxic Radiance
 19731 | Spider:1 | Reached XP level 15. HP: 86/86 MP: 33/38
 20032 | Spider:1 | Offered knowledge of Ozocubu's Refrigeration by Vehumet.
 20055 | Lair:3   | Learned a level 7 spell: Ozocubu's Refrigeration
 20101 | Lair:3   | Acquired a book of Alchemy
 20103 | Lair:3   | Acquired the ring "Jeshroloi" {rF+ rC+ rCorr Dex+4}
 20107 | Lair:3   | Acquired the ring of Merex {Wiz Str+5 Dex+3 SInv}
 21436 | Spider:3 | Noticed an emperor scorpion
 21473 | Spider:3 | Killed an emperor scorpion
 21608 | Spider:3 | Noticed an emperor scorpion
 21666 | Spider:3 | Killed an emperor scorpion
 21667 | Spider:3 | Reached skill level 18 in Spellcasting
 22074 | Orc:2    | Bought a scroll of identify for 34 gold pieces
 22866 | Spider:4 | Entered Level 4 of the Spider Nest
 22866 | Spider:4 | Noticed Mara
 22873 | Spider:4 | Noticed Esekla's illusion
 22882 | Spider:4 | Killed Mara
 22924 | Spider:4 | Noticed an emperor scorpion
 22938 | Spider:4 | Killed an emperor scorpion
 23149 | Spider:4 | Noticed an emperor scorpion
 23172 | Spider:4 | Killed an emperor scorpion
 23462 | Spider:4 | Reached ****** piety under Vehumet
 23495 | Spider:4 | Noticed an emperor scorpion
 23511 | Spider:4 | Killed an emperor scorpion
 23591 | Spider:4 | Reached XP level 16. HP: 94/94 MP: 36/40
 23768 | Spider:4 | Offered knowledge of Iron Shot by Vehumet.
 24123 | Spider:4 | Got a gossamer rune of Zot
 24317 | Shoals:1 | Entered Level 1 of the Shoals
 24321 | Shoals:1 | Reached skill level 10 in Necromancy
 24337 | Shoals:1 | Reached skill level 19 in Spellcasting
 25505 | Shoals:2 | Offered knowledge of Yara's Violent Unravelling by Vehumet.
 25514 | Shoals:2 | Reached skill level 20 in Spellcasting
 25659 | Shoals:2 | Found Biskeott's Firing Range.
 25729 | Shoals:1 | Learned a level 5 spell: Irradiate
 25941 | Shoals:3 | Noticed a kraken
 26040 | Shoals:3 | Noticed Ilsuiw
 26050 | Shoals:3 | Found Zemonaik's Distillery.
 26077 | Shoals:3 | Bought a potion of heal wounds for 75 gold pieces
 26077 | Shoals:3 | Bought a potion of heal wounds for 75 gold pieces
 26077 | Shoals:3 | Bought 2 potions of heal wounds for 150 gold pieces
 26394 | Shoals:3 | Reached XP level 17. HP: 101/101 MP: 32/43
 26430 | Shoals:3 | Killed a kraken
 26431 | Shoals:3 | Reached skill level 10 in Fighting
 26497 | Shoals:3 | Killed Ilsuiw
 27136 | Shoals:2 | Identified the +1 animal skin "Kougi" {rPois rF++ MP+9}
 27157 | Shoals:4 | Entered Level 4 of the Shoals
 27371 | Shoals:4 | Reached skill level 5 in Fire Magic
 27779 | Shoals:4 | Reached skill level 21 in Spellcasting
 27799 | Shoals:4 | Offered knowledge of Orb of Destruction by Vehumet.
 27808 | Shoals:4 | Learned a level 7 spell: Orb of Destruction
 28077 | Shoals:4 | Noticed a kraken
 28081 | Shoals:4 | Killed a kraken
 28307 | Shoals:4 | Got Cuuv Rytt's Atlas of Hot Beguiling
 28310 | Shoals:4 | Got a barnacled rune of Zot
 28342 | Shoals:4 | Identified the ring "Pileq" {Ice Str+4 Dex+3 Slay+2}
 28379 | Shoals:4 | Identified the +1 ring mail "Uronn" {rF+ Regen+ Int+3}
 29570 | D:13     | Found a gate to the Vaults.
 29584 | D:13     | Reached skill level 5 in Long Blades
 29877 | D:13     | Reached XP level 18. HP: 110/110 MP: 45/45
 30103 | Vaults:1 | Entered Level 1 of the Vaults
 30176 | Vaults:1 | Identified the +9 arbalest of Xom's Indignation {penet,
                  | Dex+4 Stlth+}
 30369 | Vaults:1 | Offered knowledge of Conjure Ball Lightning by Vehumet.
 30403 | Vaults:1 | Reached skill level 10 in Earth Magic
 30435 | Vaults:1 | Learned a level 6 spell: Conjure Ball Lightning
 30506 | Vaults:1 | Found Emogyl Osee's Armour Boutique.
 30905 | Vaults:1 | Reached skill level 22 in Spellcasting
 31436 | Vaults:2 | Found a flickering gateway to a bazaar.
 31470 | Vaults:2 | Found a staircase to the Crypt.
 31506 | Bazaar   | Entered a bazaar
 31526 | Bazaar   | Found Huts's Armour Emporium.
 31526 | Bazaar   | Found Fuoqy's Distillery.
 31547 | Bazaar   | Found Luehida's Magic Scroll Shoppe.
 31568 | Bazaar   | Found Subykus's Antique Weapon Emporium.
 31568 | Bazaar   | Found Zefiutze's Weapon Shoppe.
 31589 | Bazaar   | Found Gopir's Armour Shoppe.
 31622 | Bazaar   | Bought the +8 Vampire's Tooth {megavamp} for 540 gold
                  | pieces
 31622 | Bazaar   | Found the +8 Vampire's Tooth {megavamp}
 31628 | Bazaar   | Bought a glowing long sword for 175 gold pieces
 31654 | Bazaar   | Bought a potion of curing for 21 gold pieces
 31654 | Bazaar   | Bought a potion of mutation for 56 gold pieces
 31660 | Bazaar   | Bought a +1 cloak of stealth for 181 gold pieces
 31684 | Bazaar   | Bought a scroll of teleportation for 33 gold pieces
 31684 | Bazaar   | Bought a scroll of blinking for 82 gold pieces
 31684 | Bazaar   | Bought a scroll of teleportation for 33 gold pieces
 31710 | Bazaar   | Bought the +0 mask of the Dragon {Will+ Slay+3 SInv} for
                  | 367 gold pieces
 31710 | Bazaar   | Found the +0 mask of the Dragon {Will+ Slay+3 SInv}
 32201 | Vaults:2 | Reached skill level 10 in Ice Magic
 32207 | Vaults:2 | HP: 2/111 [vault warden/+2 long sword of holy wrath (9)]
 32207 | Vaults:2 | Slain by an ironbound thunderhulk

Illustrated notes

Levels and vault maps discovered:
D:1:      sevenhm_arrival_forest_fort_small_3, layout_rooms,
          chequers_serial_rivers_room_b, minmay_misc_feat_five
D:2:      layout_loops_ring, dreamdust_ecumenical_altar_angels_and_demons,
          serial_shops, shop
D:3:      layout_basic, grunt_temple_overflow_open, minmay_misc_feat_iff
D:4:      layout_basic, nicolae_overflow_quartered_altars, serial_shops,
          nicolae_diamond_shop
D:5:      layout_loops_ring, lemuel_doored_altar, minmay_misc_feat_rows,
          dreamdust_wishing_well
D:6:      layout_loops_cross, fedhas_altar_fruit_tree,
          minmay_temple_entry_glass, uniq_pikel, uniq_blork_the_orc
D:7:      layout_basic, uniq_menkaure, uniq_joseph, uniq_crazy_yiuf_cottage
D:8:      layout_basic, nicolae_uskayaw_dance_hall, serial_demonic,
          serial_demonic_d, serial_demonic_a, serial_demonic_c,
          serial_demonic_c, nicolae_diode_quadrants
D:9:      layout_irregular_city, kennysheep_little_box, enter_bailey_4,
          minmay_between, uniq_harold
D:10:     layout_basic, nicolae_ru_awakened_eye
D:11:     layout_rooms, hellmonk_lair_entry_icy, serial_ice, serial_ice_j,
          serial_ice_m, serial_ice_o, serial_ice_c, serial_ice_g, serial_ice_f,
          guppyfry_shop_earth, uniq_psyche, uniq_lodul
D:12:     layout_roguey, nicolae_trove_entry_crossroad
D:13:     layout_loops_ring, lightli_vaults_fourway_checkpoint
Lair:1:   layout_small_grid
Lair:2:   gammafunk_boulding_lane, layout_small_grid, elwin_shoals_entry_rooms
Lair:3:   kb_forest_paths, layout_chaotic_city, spider_nest_entry_rubble
Lair:4:   layout_hall_layers, grunt_megastairs_3, lemuel_fruit_fields,
          uniq_rupert
Lair:5:   guppyfry_lair_end_dragon, layout_misc_corridors, wormcave,
          dpeg_slime_entry_enclosed
Shoals:1: layout_shoals, nicolae_shoals_nautilus_by_nature
Shoals:2: argonaut_golden_fleece, layout_shoals, nicolae_shop_firing_range
Shoals:3: layout_shoals, serial_shops, shop, nicolae_shoals_lost_giant_hut,
          uniq_ilsuiw
Shoals:4: shoals_end_hellmonk_lost_city, serial_shops
Spider:1: layout_spider_delve, nicolae_spider_some_kinda_spiderbox
Spider:2: layout_spider_delve, nicolae_spider_twisty_arc_passages
Spider:3: layout_chambers, nicolae_orb_stairs
Spider:4: grunt_spider_rune_circles, guppyfry_hornet_nest, uniq_mara
Orc:1:    layout_caves
Orc:2:    pf_orc_diabolical, layout_diamond_mine, uniq_azrael
Vaults:1: vaults_dpeg_emergency_exit, nicolae_vaults_ellipses_ellipsis,
          nicolae_vaults_variable_pillar_hall, v_misc_22, v_misc_33,
          nicolae_vaults_closet_pinwheel_3, v_alt_pattern_4, v_alt_pattern_4,
          nicolae_vaults_tetromino_Z_2, nicolae_vaults_taking_the_gang_shopping,
          nicolae_vaults_spaceships, v_misc_33, nicolae_vaults_shelves_hall,
          nicolae_vaults_trapezoid_lopsided_1, nicolae_vaults_little_ls,
          layout_vaults_ring
Vaults:2: ontoclasm_vaults_bender, nicolae_vaults_storage_closets_1, v_misc_9,
          vaults_room_pools, nicolae_vaults_more_shelving_2, v_misc_14,
          vaults_standard_mumra_lines, hangedman_vaults_stream,
          nicolae_vaults_windows_and_doors_thing,
          minmay_crypt_entry_simple_corners, nicolae_vaults_stand_back,
          vaults_dpeg_diagonal, nicolae_vaults_little_squares_5,
          layout_vaults_omnibox, serial_shops, bzr_entry_gold

Skill      XL: |  1  2  3  4  5  6  7  8  9 10 11 12 13 14 15 16 17 18 |
---------------+-------------------------------------------------------+-----
Necromancy     | 5 6 7 8 9 10 | 10.5
Stealth        | 3 4 5 6 7 |  7.6
Short Blades   | 1 2 3 4 |  4.4
Dodging        | 3 4 5 6 7 8 9 10 11 12 13 14 | 14.1
Spellcasting   | 4 5 6 7 8 10 11 13 14 16 17 18 20 21 22 | 22.5
Translocations | 1 2 3 4 |  4.1
Transmutations | 1 2 3 4 5 6 |  6.6
Fire Magic     | 1 2 3 4 5 |  5.7
Poison Magic   | 2 3 4 5 6 7 8 |  8.5
Conjurations   | 1 2 4 6 7 |  7.6
Air Magic      | 1 3 4 5 6 7 8 9 |  9.3
Throwing       | 1 2 |  2.9
Shields        | 1 3 4 5 6 |  6.4
Long Blades    | 1 3 4 5 |  5.4
Fighting       | 2 3 4 6 7 8 9 11 | 11.6
Armour         | 1 3 4 5 |  5.7
Ice Magic      | 2 4 5 7 8 9 10 | 10.0
Earth Magic    | 2 4 6 7 8 9 10 | 10.4

Action                     |  1- 3 |  4- 6 |  7- 9 | 10-12 | 13-15 | 16-18 || total
---------------------------+-------+-------+-------+-------+-------+-------++-------
  Melee: Short sword       |    53 |   126 |       |       |       |       ||   179
         Unarmed           |     9 |       |       |       |       |       ||     9
         Rapier            |       |     3 |    49 |    62 |    11 |    14 ||   139
         Dagger            |       |     2 |   157 |   206 |       |       ||   365
         Punch             |       |       |     4 |     3 |       |       ||     7
         Great sword       |       |       |       |   120 |       |       ||   120
         Scimitar          |       |       |       |   110 |   158 |   229 ||   497
         Quick blade       |       |       |       |       |       |    25 ||    25
  Throw: Dart              |       |     8 |    30 |    57 |       |       ||    95
         Boomerang         |       |       |       |     9 |    21 |     8 ||    38
   Cast: Vampiric Draining |     1 |    29 |    38 |   125 |    66 |    71 ||   330
         Shock             |       |     6 |       |       |       |       ||     6
         Mephitic Cloud    |       |       |    25 |    63 |    25 |    32 ||   145
         Teleport Other    |       |       |     1 |     1 |     3 |     1 ||     6
         Ignite Poison     |       |       |     8 |    43 |   144 |   151 ||   346
         Airstrike         |       |       |       |    14 |     5 |    12 ||    31
         Poisonous Vapours |       |       |       |    19 |   204 |   191 ||   414
         Freezing Cloud    |       |       |       |    11 |    59 |    27 ||    97
         Wereblood         |       |       |       |     3 |    25 |    21 ||    49
         Sticky Flame      |       |       |       |       |    37 |    50 ||    87
         Olgreb's Toxic Ra |       |       |       |       |    13 |    38 ||    51
         Ozocubu's Refrige |       |       |       |       |     5 |    16 ||    21
         Irradiate         |       |       |       |       |       |     5 ||     5
  Evoke: Wand              |       |       |     2 |     4 |       |       ||     6
    Use: Scroll            |     1 |       |     8 |    14 |    18 |     4 ||    45
         Potion            |       |       |     2 |     2 |     9 |     5 ||    18
   Stab: Sleeping          |     7 |     8 |     6 |     9 |     8 |    13 ||    51
         Confused          |       |       |    17 |    13 |     3 |     5 ||    38
         Distracted        |       |       |     1 |       |       |     2 ||     3
 Armour: Robe              |    11 |    25 |    42 |     1 |       |       ||    79
         Steam dragon scal |       |       |       |   128 |       |       ||   128
         Troll leather arm |       |       |       |    32 |   190 |   108 ||   330
         Ring mail         |       |       |       |       |       |    99 ||    99
  Dodge: Dodged            |    35 |    64 |   150 |   500 |   270 |   366 ||  1385
  Block: Buckler           |       |       |       |    22 |   104 |   236 ||   362
         Reflection        |       |       |       |       |       |    26 ||    26
